 Dungeon Crawl Stone Soup version 0.26.1-11-gd32895ea62 (webtiles) character file.

Game seed: 16680605534921969208

138 ubername the Gusty (level 5, 0/28 HPs)
             Began as a Tengu Air Elementalist on June 21, 2021.
             Succumbed to a worker ant's poison
             ... on level 5 of the Dungeon.
             The game lasted 00:07:18 (3141 turns).

ubername the Gusty (Tengu Air Elementalist)         Turns: 3141, Time: 00:07:18

Health: 0/28       AC:  2    Str:  8    XL:     5   Next: 21%
Magic:  8/10       EV: 13    Int: 17    God:
Gold:   107        SH:  0    Dex: 14    Spells: 6/10 levels left

rFire    . . .     SeeInvis .   c - +0 mace
rCold    . . .     Faith    .   (no shield)
rNeg     . . .     Spirit   .   a - +0 robe
rPois    .         Reflect  .   (helmet restricted)
rElec    .         Harm     .   (no cloak)
rCorr    .         Rampage  .   (no gloves)
Will     .....                  (boots unavailable)
Stlth    ++........             (no amulet)
HPRegen  0.09/turn              (no ring)
MPRegen  0.12/turn              (no ring)

@: lethally poisoned (0 -> -7)
A: beak, talons 3, able to fly
a: Fly


You were on level 5 of the Dungeon.
You visited 1 branch of the dungeon, and saw 4 of its levels.

You collected 107 gold pieces.

Inventory:

Hand Weapons
 c - a +0 mace (weapon)
 i - a +0 hunting sling
 o - a +0 hunting sling
Missiles
 d - 185 stones
 e - 20 sling bullets
Armour
 a - a +0 robe (worn)
Jewellery
 g - an uncursed amulet of magic regeneration {unknown}
 n - a cursed ring of teleportation {unknown}
Scrolls
 b - 2 scrolls of teleportation
 f - 3 scrolls of remove curse
 h - 4 scrolls of identify {unknown}
 j - a scroll of blinking {unknown}
 l - a scroll of fog {unknown}
Potions
 m - 2 potions of flight {unknown}


   Skills:
 + Level 0.7 Maces & Flails
 + Level 2.4 Dodging
 + Level 2.5 Stealth
 + Level 3.0 Spellcasting
 + Level 2.9 Conjurations
 + Level 5.5 Air Magic


You had 6 spell levels left.
You knew the following spells:

 Your Spells              Type           Power        Failure   Level
a - Shock                 Conj/Air       68%          3%          1
b - Static Discharge      Conj/Air       17%          9%          3

Your spell library contained the following spells:

 Spells                   Type           Power        Failure   Level
 Swiftness                Air            21%          2%          2
 Airstrike                Air            10%          19%         4
 Lightning Bolt           Conj/Air       8%           63%         5


Dungeon Overview and Level Annotations

Branches:
Dungeon (5/15)
 Temple: D:4-7

Altars:
Fedhas


Innate Abilities, Weirdness & Mutations

You have a beak for a mouth.
You have claws for feet.
You can fly continuously.


Message History

You feel sick.
There is a stone staircase leading up here.
Casting: Shock (safe; 3% risk of failure)
Confirm with . or Enter, or press ? or * to list all spells.
Aiming: Shock (safe; 3% risk of failure)
Press: ? - help, Shift-Dir - straight line The zap hits the worker ant.
The worker ant is heavily wounded.
The zap hits the worker ant but does no damage.
The worker ant is heavily wounded.
* * * LOW HITPOINT WARNING * * *
You feel sick. The worker ant misses you.
It was a potion of cancellation.
You feel magically purged.
* * * LOW HITPOINT WARNING * * *
You feel sick. The worker ant bites you.
* * * LOW HITPOINT WARNING * * *
You hit the worker ant but do no damage.
You claw the worker ant, but do no damage.
The worker ant is heavily wounded.
You die... ## .# .# .# #.###B##.# #...@....# #####.#### .# .# .# .# .# ..

You could see a worker ant.

Vanquished Creatures
  Terence (D:1)
  Robin (D:2)
  2 adders (D:2)
  An ooze (D:2)
  3 dart slugs (D:1)
  3 leopard geckos
  A ball python (D:1)
  3 bats (D:1)
  A giant cockroach (D:1)
  21 goblins
  12 hobgoblins
  4 kobolds (D:1)
  A quokka (D:2)
  3 frilled lizards
  6 rats
63 creatures vanquished.

Vanquished Creatures (others)
  5 fungi (D:2)
  3 plants (D:2)
8 creatures vanquished.

Grand Total: 71 creatures vanquished

Notes
Turn   | Place    | Note
-------+----------+-------------------------------------------
     0 | D:1      | ubername the Tengu Air Elementalist began the quest for the
                  | Orb.
     0 | D:1      | Reached XP level 1. HP: 10/10 MP: 4/4
   403 | D:1      | Reached XP level 2. HP: 15/15 MP: 4/6
  1007 | D:1      | Reached XP level 3. HP: 19/19 MP: 3/7
  1360 | D:1      | Learned a level 3 spell: Static Discharge
  1921 | D:2      | Noticed Terence
  1954 | D:1      | Killed Terence
  1955 | D:1      | Reached skill level 5 in Air Magic
  1955 | D:1      | Reached XP level 4. HP: 12/24 MP: 0/8
  2142 | D:2      | Found a blossoming altar of Fedhas.
  2510 | D:2      | Noticed Robin
  2518 | D:2      | Killed Robin
  2736 | D:2      | Gained mutation: You can fly continuously. [Tengu growth]
  2736 | D:2      | Reached XP level 5. HP: 25/28 MP: 5/10
  3111 | D:2      | You fall into a shaft and drop 2 floors!
  3116 | D:4      | Noticed an ogre
  3138 | D:5      | Entered Level 5 of the Dungeon
  3140 | D:5      | HP: 1/28 [worker ant (5)]
  3141 | D:5      | Succumbed to a worker ant's poison

Illustrated notes

Levels and vault maps discovered:
D:1:      dpeg_arrival_morbid_curiosity, layout_basic
D:2:      cheibrodos_greedy_goblins, layout_loops_cross, fedhas_altar_3,
          uniq_robin, uniq_terence
D:4:      layout_loops_ring, minmay_fire_ice_demons
D:5:      layout_loops_corners

Skill      XL: |  1  2  3  4  5 |
---------------+----------------+-----
Conjurations   | 2 |  2.9
Air Magic      | 5 |  5.5
Spellcasting   | 3 |  3.0
Maces & Flails | |  0.7
Dodging        | |  2.4
Stealth        | |  2.5

Action                   |  1- 3 |  4- 6 || total
-------------------------+-------+-------++-------
Melee: Mace              |    12 |    22 ||    34
       Kick              |     2 |     4 ||     6
       Peck              |     2 |       ||     2
 Cast: Shock             |    77 |    47 ||   124
       Static Discharge  |     1 |       ||     1
  Use: Scroll            |     1 |     1 ||     2
       Potion            |     1 |     1 ||     2
Armor: Robe              |     1 |     3 ||     4
Dodge: Dodged            |    28 |    18 ||    46
